 Dungeon Crawl Stone Soup version 0.22-a0-480-g991dd4b (webtiles) character file.

114 KillYourself the Scratcher (level 4, -1/33 HPs)
             Began as a Felid Berserker on June 16, 2018.
             Was a Believer of Trog.
             Slain by KillYourself's ghost (8 damage)
             ... on level 3 of the Dungeon.
             The game lasted 00:11:33 (4192 turns).

KillYourself the Scratcher (Felid Berserker)        Turns: 4192, Time: 00:11:34

Health: -1/33      AC:  1    Str: 19    XL:     4   Next: 67%
Magic:  5/5        EV: 20    Int:  9    God:    Trog [**....]
Gold:   130        SH:  0    Dex: 15    Spells: 3/3 levels left
                                        Lives:  0   Deaths: 1

rFire    . . .     SeeInvis +     - Unarmed
rCold    . . .     Gourm    .   (shield unavailable)
rNeg     + . .     Faith    .   (armour unavailable)
rPois    +         Spirit   .   (helmet unavailable)
rElec    .         Reflect  .   (cloak unavailable)
rCorr    .         Harm     .   (gloves unavailable)
MR       .....                  (boots unavailable)
Stlth    ..........             (no amulet)
HPRegen  0.11/turn              b - ring of positive energy
MPRegen  0.09/turn              d - ring of poison resistance

@: berserking (expiring), very quick
A: very small, no armour, no weapons or thrown items, stealth, claws 1, fangs 3,
see invisible, carnivore, speed 1, shaggy fur 1, slow metabolism 1, sharp paws
a: Berserk, Trog's Hand, Renounce Religion


You were on level 3 of the Dungeon.
You worshipped Trog.
Trog was pleased with you.
You were very full.

You visited 1 branch of the dungeon, and saw 3 of its levels.

You collected 130 gold pieces.

Inventory:

Jewellery
 b - a ring of positive energy (left paw)
 d - a ring of poison resistance (right paw)
Wands
 m - a wand of paralysis (22)
Scrolls
 c - a scroll of fear {unknown}
 e - a scroll of teleportation {unknown}
 f - 4 scrolls of identify {unknown}
 g - 2 scrolls of fog {unknown}
 h - a scroll of enchant weapon {unknown}
 k - 2 scrolls of remove curse {unknown}
 l - a scroll of random uselessness {unknown}
Potions
 j - 3 potions of curing
Comestibles
 a - 13 rations
 i - 5 chunks of flesh


   Skills:
 * Level 3.9 Fighting
 + Level 4.6 Dodging
 + Level 2.2 Stealth
 * Level 5.3 Unarmed Combat


You had 3 spell levels left.
You didn't know any spells.
Your spell library was empty.

Dungeon Overview and Level Annotations

Branches:
Dungeon (3/15)

Altars:
Uskayaw
The Shining One

Annotations:
D:3 KillYourself's ghost, amateur DrBe


Innate Abilities, Weirdness & Mutations

You cannot wear armour.
You are incapable of wielding weapons or throwing items.
Your paws allow you to move quietly. (Stealth)
You have sharp claws.
You have razor-sharp teeth.
You have supernaturally acute eyesight. (SInv)
You are carnivorous and can eat meat at any time.
You cover ground quickly.
You are covered in fur. (AC +1)
You have a slow metabolism.
Your sharp claws are effective at attacking unaware monsters.


Message History

KillYourself's ghost is heavily damaged.
You closely miss KillYourself's ghost. Your bite misses KillYourself's ghost.
KillYourself's ghost is heavily damaged.
KillYourself's ghost screams in joy, "As in life, so in death: Kill!
Kill!!
Kill!!!"
KillYourself's ghost hits you!
* * * LOW HITPOINT WARNING * * *
You barely miss KillYourself's ghost.
KillYourself's ghost is heavily damaged.
KillYourself's ghost hits you but does no damage.
You scratch KillYourself's ghost. Your bite misses KillYourself's ghost.
KillYourself's ghost is severely damaged.
You scratch KillYourself's ghost.
KillYourself's ghost is severely damaged.
KillYourself's ghost closely misses you.
You barely miss KillYourself's ghost. You claw KillYourself's ghost.
KillYourself's ghost is severely damaged.
You claw KillYourself's ghost!
KillYourself's ghost is almost destroyed.
KillYourself's ghost hits you!
You die...

#.# #.#.#... #.#
#.#..... #†# #
#.#..... #†#
#.#####.#..... #.#
#....(#.#..... #.#
#.....'.#....# #.#
#.....#.#....# #W#
#.......#..... #@#
#.#####.######
#.#..........)_...
#.####.####.######
#.# #.# #.# #.#
#.# #.# #.# ..#
#.# #.# #.# .#


You could see KillYourself's ghost.

Vanquished Creatures
  An orc priest (D:3)
  An orc wizard (D:3)
  Ijyb (D:3)
  4 gnolls (D:2)
  An ooze (D:1)
  A worm (D:3)
  4 dart slugs
  4 leopard geckos
  4 orcs (D:3)
  4 giant cockroaches
  15 goblins
  8 hobgoblins
  2 jackals (D:3)
  A quokka (D:2)
  9 bats
  5 frilled lizards
  6 kobolds
  7 rats
  2 plants (D:2)
80 creatures vanquished.

Vanquished Creatures (others)
  A jackal (D:3)
1 creature vanquished.

Grand Total: 81 creatures vanquished

Notes
Turn   | Place    | Note
-------+----------+-------------------------------------------
     0 | D:1      | KillYourself the Felid Berserker began the quest for the Orb.
     0 | D:1      | Reached XP level 1. HP: 10/10 MP: 2/2
   316 | D:1      | Reached XP level 2. HP: 8/14 MP: 3/3
   981 | D:1      | Reached XP level 3. HP: 12/17 MP: 4/4
  1156 | D:1      | Reached ** piety under Trog
  1837 | D:2      | Found a hide-covered altar of Uskayaw.
  2100 | D:2      | Reached skill level 1 in Stealth
  2100 | D:2      | Reached skill level 4 in Unarmed Combat
  2102 | D:2      | Reached XP level 4. HP: 20/21 MP: 5/5
  3674 | D:3      | Reached XP level 5. HP: 25/25 MP: 6/6
  3685 | D:3      | Reached skill level 5 in Unarmed Combat
  3729 | D:3      | Found a glowing golden altar of the Shining One.
  3937 | D:3      | Noticed Ijyb
  3945 | D:3      | Paralysed by Ijyb for 6 turns
  3953 | D:3      | Killed Ijyb
  4040 | D:3      | Reached *** piety under Trog
  4116 | D:3      | Noticed KillYourself's ghost (amateur DrBe)
  4125 | D:3      | Mangled by KillYourself's ghost
  4126 | D:3      | Reached XP level 4. HP: -7/22 MP: 5/5
  4192 | D:3      | Slain by KillYourself's ghost

Vault maps used:
D:1:      wheals_arrival_linesprint, minmay_misc_feat_columns,
          minmay_misc_feat_plants
D:2:      old_standard_altar, serial_bayou_ford_a, grunt_decor_cap
D:3:      kennysheep_goblin_castle, overflow_temple_1_default, serial_bayou,
          serial_bayou_pond_a, serial_bayou_pond_e, serial_bayou_lake_a,
          serial_bayou_lagoon_a, uniq_ijyb

Skill      XL: |  1  2  3  4  5 |
---------------+----------------+-----
Stealth        | 1 2 |  2.2
Unarmed Combat | 4 5 |  5.3
Fighting       | |  3.9
Dodging        | |  4.6

Action                   |  1- 3 |  4- 6 || total
-------------------------+-------+-------++-------
Melee: Unarmed           |    96 |   236 ||   332
       Bite              |     4 |    32 ||    36
       Punch             |       |     5 ||     5
Invok: Berserk           |     1 |     3 ||     4
  Use: Potion            |     2 |       ||     2
 Stab: Sleeping          |     3 |     5 ||     8
       Distracted        |       |     2 ||     2
  Eat: Chunk             |     9 |    13 ||    22
Armor: Skin              |     7 |     6 ||    13
Dodge: Dodged            |    62 |    68 ||   130

Table legend:
 A = Spawn XP
 B = Non-spawn XP
 C = Spawn XP percentage of total XP
 D = Spawn monster count
 E = Non-spawn monster count
 F = Spawn count percentage of total count
 G = Total turns spent on level
                    A         B        C        D         E        F      G
               +---------+---------+-------+---------+---------+-------+---------
         Total |       0 |     322 |   0.0 |       0 |      78 |   0.0 |  4192
               +---------+---------+-------+---------+---------+-------+---------
           D:1 |       0 |      53 |   0.0 |       0 |      30 |   0.0 |  1748
           D:2 |       0 |      78 |   0.0 |       0 |      15 |   0.0 |  1364
           D:3 |       0 |     191 |   0.0 |       0 |      33 |   0.0 |  1080
               +---------+---------+-------+---------+---------+-------+---------
